 Dungeon Crawl Stone Soup version 0.30.1-3-gfc49f6343a (webtiles) character file.

Game seed: 7331295446352283943

124 spardeous the Digger (level 4, -1/33 HPs)
             Began as a Demigod Earth Elementalist on Aug 9, 2023.
             Slain by an orc
             ... wielding a +2 dagger of speed
              (3 damage)
             ... on level 3 of the Dungeon.
             The game lasted 00:02:31 (1708 turns).

spardeous the Digger (Demigod Earth Elementalist)   Turns: 1708, Time: 00:02:32

Health: -1/33      AC:  2    Str:  9    XL:     4   Next: 52%
Magic:  5/11       EV: 12    Int: 21    God:
Gold:   111        SH:  0    Dex: 14    Spells: 5/9 levels left

rFire   . . .        f - +0 short sword (venom)
rCold   . . .        (no shield)
rNeg    . . .        a - +0 robe
rPois   .            (no helmet)
rElec   .            (no cloak)
rCorr   .            (no gloves)
SInv    .            (no boots)
Will    .....        c - amulet of the acrobat
Stlth   ++           (no ring)
HPRegen 0.25/turn    (no ring)
MPRegen 0.12/turn

%: acrobat
@: no status effects
A: high MP 1, forlorn, divine attributes
a: no special abilities


You were on level 3 of the Dungeon.
You visited 1 branch of the dungeon, and saw 3 of its levels.

You collected 111 gold pieces.

Inventory:

Hand Weapons
 f - a +0 short sword of venom (weapon)
Armour
 a - a +0 robe (worn)
Jewellery
 c - an amulet of the acrobat (around neck)
Scrolls
 d - 3 scrolls of fear {unknown}
 e - a scroll of torment {unknown}
 g - 2 scrolls of enchant armour {unknown}
 j - a scroll of teleportation {unknown}
 k - a scroll of noise {unknown}
 l - 2 scrolls of magic mapping {unknown}
 n - a scroll of fog {unknown}
Potions
 b - a potion of magic
 h - a potion of ambrosia {unknown}
 i - 2 potions of might {unknown}
 m - a potion of brilliance {unknown}


   Skills:
 - Level 1.7 Dodging
 - Level 1.7 Stealth
 + Level 3.2 Spellcasting
 - Level 0.8 Transmutations
 + Level 4.1 Earth Magic


You had 5 spell levels left.
You knew the following spells:

 Your Spells              Type           Power      Damage    Failure   Level
a - Sandblast             Erth           40%        2d10      2%          1
b - Stone Arrow           Conj/Erth      24%        3d8       17%         3

Your spell library contained the following spells:

 Spells                   Type           Power      Damage    Failure   Level
 Passwall                 Tmut/Erth      10%        N/A       7%          2
 Petrify                  Tmut/Erth      13%        N/A       43%         4
 Simulacrum               Ice/Necr       1%         N/A       100%        6
 Ozocubu's Refrigeration  Ice            1%         4d7       100%        7
 Polar Vortex             Ice            1%         N/A       100%        9


Dungeon Overview and Level Annotations

Branches:
Dungeon (3/15)


Innate Abilities, Weirdness & Mutations

You have an increased reservoir of magic. (+10% MP)
You shall have no god before yourself.
Your divine heritage dramatically boosts your attributes as you level up.


Message History

You take 10 damage, and have 23/33 hp.
MASSIVE DAMAGE!!
You now have 8/11 mp.
There are monsters nearby!
Casting: Sandblast (safe; 2% risk of failure)
Confirm with . or Enter, or press ? or * to list all spells.
Aiming: Sandblast (safe; 2% risk of failure)
Press: ? - help, Shift-Dir - straight line, f/p - orc
Aim: an orc, wielding a +0 hand axe and wearing a +0 chain mail (moderately wounded, very poisoned, 87% to hit)
The blast of sand hits the orc but does no damage.
The orc is moderately wounded.
The orc hits you with a +2 dagger of speed. x2
The orc hits you with a +0 hand axe. x2; The orc barely misses you.
You take 7 damage, and have 16/33 hp.
MASSIVE DAMAGE!!
You now have 7/11 mp.
There are monsters nearby!
Casting: Sandblast (safe; 2% risk of failure)
Confirm with . or Enter, or press ? or * to list all spells.
Aiming: Sandblast (safe; 2% risk of failure)
Press: ? - help, Shift-Dir - straight line, f/p - orc
Aim: an orc, wielding a +0 hand axe and wearing a +0 chain mail (heavily wounded, very poisoned, 87% to hit)
The blast of sand hits the orc but does no damage.
The orc is heavily wounded.
The orc hits you with a +0 hand axe.
The orc hits you with a +2 dagger of speed.
* * * LOW HITPOINT WARNING * * *
The orc hits you with a +0 hand axe.
* * * LOW HITPOINT WARNING * * *
The orc completely misses you. The orc hits you with a +0 hand axe.
* * * LOW HITPOINT WARNING * * *
The orc hits you with a +0 hand axe.
* * * LOW HITPOINT WARNING * * *
You take 15 damage, and have 1/33 hp.
MASSIVE DAMAGE!!
You now have 6/11 mp.
There are monsters nearby!
Casting: Sandblast (safe; 2% risk of failure)
Confirm with . or Enter, or press ? or * to list all spells.
Aiming: Sandblast (safe; 2% risk of failure)
Press: ? - help, Shift-Dir - straight line, f/p - orc
Aim: an orc, wielding a +0 hand axe and wearing a +0 chain mail (heavily wounded, poisoned, 87% to hit)
The blast of sand hits the orc.
The orc is almost dead.
The orc hits you with a +2 dagger of speed.
You die...

#.. ## #.# .. #.# #
#.##.##########.# $#
..............#
....###.####<.......
#.....?........#..#
#.####o####.##.# #@#
#.# # ......oo.# #.#
......#..# #.#
##<##.#... .#. .. #
##.### # .# .. ).


You could see 3 orcs.

Vanquished Creatures
  An orc priest (D:2)
  2 orc wizards (D:2)
  A dart slug (D:2)
  2 orcs
  5 bats (D:1)
  5 endoplasms
  A giant cockroach (D:1)
  5 goblins
  5 hobgoblins
  6 kobolds
  2 quokkas (D:1)
  A ball python (D:2)
  2 frilled lizards
38 creatures vanquished.

Notes
Turn   | Place    | Note
-------+----------+-------------------------------------------
     0 | D:1      | spardeous the Demigod Earth Elementalist began the quest
                  | for the Orb.
     0 | D:1      | Reached XP level 1. HP: 14/14 MP: 5/5
   179 | D:1      | Reached skill level 3 in Earth Magic
   278 | D:1      | Reached XP level 2. HP: 20/20 MP: 5/7
  1276 | D:2      | Reached XP level 3. HP: 26/26 MP: 7/9
  1350 | D:2      | Reached XP level 4. HP: 27/33 MP: 4/11
  1427 | D:1      | Learned a level 3 spell: Stone Arrow
  1441 | D:2      | Reached skill level 4 in Earth Magic
  1707 | D:3      | HP: 1/33 [orc/+0 hand axe (2)]
  1708 | D:3      | Slain by an orc

Illustrated notes

Levels and vault maps discovered:
D:1:      co_arrival_square_in_a_square_in_a_square, layout_basic,
          grunt_decor_resistance, fountainhead
D:2:      layout_rooms
D:3:      layout_loops_ring

Skill      XL: |  1  2  3  4 |
---------------+-------------+-----
Spellcasting   | 2 3 |  3.2
Earth Magic    | 3 4 |  4.1
Dodging        | |  1.7
Stealth        | |  1.7
Transmutations | |  0.8

Action                     |  1- 3 |  4- 6 || total
---------------------------+-------+-------++-------
  Melee: Unarmed           |     1 |       ||     1
         Short sword       |     3 |     1 ||     4
   Cast: Sandblast         |    42 |    19 ||    61
 Armour: Robe              |     2 |     8 ||    10
  Dodge: Dodged            |    11 |    57 ||    68
